 Dungeon Crawl Stone Soup version 0.18.1-6-gd335043 (webtiles) character file.

301 Gingerlord the Skirmisher (level 6, -8/49 HPs)
             Began as a Formicid Abyssal Knight on May 17, 2016.
             Was a Priest of Lugonu.
             Mangled by an ogre
             ... wielding a +0 giant club
              (11 damage)
             ... on level 4 of the Dungeon.
             The game lasted 00:05:58 (3839 turns).

Gingerlord the Skirmisher (Formicid Abyssal Knight) Turns: 3839, Time: 00:06:00

Health: -8/49      AC: 10    Str: 17    XL:     6   Next: 64%
Magic:  8/8        EV:  8    Int: 11    God:    Lugonu [***...]
Gold:   156        SH:  0    Dex: 12    Spells: 0 memorised, 5 levels left

rFire  . . .     SeeInvis +     r - +2 falchion (slice)
rCold  . . .     Gourm    .     s - +0 chain mail
rNeg   + . .     Faith    .     (no shield)
rPois  .         Spirit   .     (helmet unavailable)
rElec  .         Dismiss  .     h - +0 cloak
rCorr  .         Reflect  .     (no gloves)
SustAt .         Harm     .     (no boots)
MR     .....                    (no amulet)
Stlth  ..........               (no ring)
                                q - ring of positive energy

@: not resistant to hostile enchantments, extremely unstealthy
A: permanent stasis, dig shafts and tunnels, four strong arms, antennae 3
a: Dig, Shaft Self, Depart the Abyss, Bend Space, Banish, Renounce Religion


You were on level 4 of the Dungeon.
You worshipped Lugonu.
Lugonu was most pleased with you.
You were hungry.

You visited 1 branch of the dungeon, and saw 4 of its levels.
You visited the Abyss 1 time.

You collected 156 gold pieces.

Inventory:

Hand Weapons
 r - a +2 falchion of slicing (weapon)
Armour
 e - a +0 large shield
 h - a +0 cloak (worn)
 s - a +0 chain mail (worn)
Jewellery
 q - a ring of positive energy (left hand)
Scrolls
 d - a scroll of amnesia {unknown}
 f - a scroll of identify
 k - 2 scrolls of enchant armour {unknown}
 l - 2 scrolls of recharging {unknown}
 m - a scroll of fear {unknown}
 o - a scroll of remove curse {unknown}
Potions
 b - a potion of degeneration {unknown}
 j - a potion of curing
 n - a potion of ambrosia
 p - a potion of brilliance {unknown}
 t - a potion of might {unknown}
Comestibles
 c - 2 bread rations
 g - 3 meat rations
 i - 2 beef jerkies


   Skills:
 + Level 4.4 Fighting
 + Level 3.3 Long Blades
 + Level 3.8 Armour
 + Level 2.4 Dodging
 + Level 1.0 Shields
 + Level 3.6 Invocations


You had 5 spell levels left.
You didn't know any spells.

Dungeon Overview and Level Annotations

Branches:
Dungeon (4/15)
 Temple: D:4-7

Altars:


Innate Abilities, Weirdness & Mutations

You are under a permanent stasis effect.
You can dig through walls and to a lower floor.
Your four strong arms can wield two-handed weapons with a shield.
You have a pair of large antennae on your head (SInv).


Message History

No target in view!
No target in view!
An ogre comes into view. It is wielding a giant club.
An ogre is nearby!
An ogre is nearby!
The ogre misses you.
You hit the ogre.
The ogre is moderately wounded.
The ogre hits you with a giant club!!
Ouch! That really hurt!
You hit the ogre.
The ogre is heavily wounded.
You hit the ogre.
The ogre is severely wounded.
The ogre hits you with a giant club!!
* * * LOW HITPOINT WARNING * * *
You hit the ogre.
The ogre is almost dead.
The ogre hits you with a giant club!
You die...

#.#####...#########.# . #
. #...# ####.######### #
#...# ##.. ....##...####
#...{. ..##.##.##...##..
#....## ##.##.##.........#
#....# ................#
#...... #.#.###.........#
...#.#..##.#.###.##...##.#
#....O@.......##......#
#.#..#.##.#############
.... #....# .##......#.#
.....##...# .# .## ##.##
#.# #.# ..


You could see an ogre.

Vanquished Creatures
  The ghost of a7mans the Chopper, an amateur HuBe of Okawaru (D:3)
  A crimson imp (D:4)
  A worker ant (D:3)
  6 adders
  An ooze (D:2)
  4 worms
  3 giant geckos
  8 orcs (D:3)
  4 bats
  4 giant cockroaches
  9 goblins
  8 hobgoblins
  4 jackals (D:2)
  2 quokkas (D:2)
  2 ball pythons (D:2)
  8 giant newts
  8 kobolds
  11 rats
85 creatures vanquished.

Notes
Turn   | Place    | Note
--------------------------------------------------------------
     0 | Abyss:1  | Gingerlord the Formicid Abyssal Knight began the quest for the Orb.
     0 | Abyss:1  | Reached XP level 1. HP: 18/18 MP: 2/2
    35 | Abyss:1  | Noticed a starcursed mass
    38 | D:1      | Escaped the Abyss
   212 | D:1      | Reached skill level 1 in Dodging
   504 | D:1      | Reached * piety under Lugonu
   504 | D:1      | Reached XP level 2. HP: 16/24 MP: 3/3
   825 | D:2      | Reached XP level 3. HP: 9/29 MP: 4/4
  1338 | D:2      | Reached XP level 4. HP: 32/37 MP: 6/6
  1345 | D:2      | Reached ** piety under Lugonu
  1627 | D:2      | Reached skill level 4 in Fighting
  1776 | D:2      | Reached XP level 5. HP: 38/42 MP: 7/7
  2131 | D:3      | Reached *** piety under Lugonu
  2152 | D:3      | Noticed a7mans's ghost (amateur HuBe)
  2535 | D:3      | Reached XP level 6. HP: 25/48 MP: 8/8
  3679 | D:3      | Killed a7mans's ghost
  3679 | D:3      | Reached skill level 1 in Shields
  3832 | D:4      | Noticed an ogre
  3839 | D:4      | Mangled by an ogre

Skill      XL: |  1  2  3  4  5  6 |
---------------+-------------------+-----
Dodging        | 1 2 |  2.4
Fighting       | 4 |  4.4
Armour         | 3 |  3.8
Invocations    | 3 |  3.6
Long Blades    | 3 |  3.3
Shields        | 1 |  1.0

Action                   |  1- 3 |  4- 6 || total
-------------------------+-------+-------++-------
Melee: Falchion          |    90 |   203 ||   293
Invok: Depart the Abyss  |     1 |       ||     1
 Abil: Dig               |       |     1 ||     1
  Use: Potion            |       |     3 ||     3
       Scroll            |       |     3 ||     3
  Eat: Chunk             |     2 |     7 ||     9
Armor: Leather armour    |    34 |    60 ||    94
       Chain mail        |       |    10 ||    10
Dodge: Dodged            |    62 |   104 ||   166
